 Dungeon Crawl Stone Soup version 0.30-a0-964-gd452b5e7fa (webtiles) character file.

Game seed: 14503129304446278125

7530 Newt the Warmonger (level 10, -3/74 HPs)
             Began as a Demonspawn Gladiator on Mar 30, 2023.
             Was a High Priest of Okawaru.
             Slain by a vampire (6 damage)
             ... on level 10 of the Dungeon.
             The game lasted 00:16:42 (12603 turns).

Newt the Warmonger (Demonspawn Gladiator)          Turns: 12603, Time: 00:16:42

Health: -3/74      AC:  7    Str: 23    XL:     10   Next: 96%
Magic:  23/25      EV: 14    Int: 10    God:    Okawaru [*****.]
Gold:   647        SH: 20    Dex: 15    Spells: 9/9 levels left

rFire   + . .      SeeInvis .    F - +5 flail of Sirew {vamp, Str+3}
rCold   + . .      Faith    +    e - +2 kite shield
rNeg    . . .      Spirit   .    Q - +0 troll leather armour
rPois   .          Reflect  .    d - +0 helmet of Plasticity {rF+ rCorr Str+2}
rElec   +          Rampage  .    l - scarf {shadows}
rCorr   +                        (no gloves)
Will    .....                    (no boots)
Stlth   ++++                     z - amulet of Leymissa {Faith rElec rC+ rCorr}
HPRegen 1.12/turn                D - ring of magical power
MPRegen 0.19/turn                (no ring)

@: heroic
A: large bone plates 2, spiny 1
a: Renounce Religion, Heroism, Finesse, Duel


You were on level 10 of the Dungeon.
You worshipped Okawaru.
Okawaru was extremely pleased with you.
You visited 2 branches of the dungeon, and saw 11 of its levels.

You collected 647 gold pieces.

Inventory:

Hand Weapons
 a - a +0 rapier
 o - a +5 dagger
 F - the +5 flail of Sirew (weapon) {vamp, Str+3}
   (You found it on level 6 of the Dungeon)

   Str:       It affects your strength (+3).
 J - a +5 flail
Missiles
 i - 5 atropa-tipped darts
 m - 31 poisoned darts
 r - 3 boomerangs (quivered)
 M - 2 silver javelins
 N - 3 javelins
 R - a curare-tipped dart
Armour
 b - a +0 leather armour
 c - a +0 helmet
 d - the +0 helmet of Plasticity (worn) {rF+ rCorr Str+2}
   (Okawaru gifted it to you on level 9 of the Dungeon)

   Str:       It affects your strength (+2).
   rF:        It protects you from fire.
   rCorr:     It protects you from acid and corrosion.
 e - a +2 kite shield (worn)
 j - an orb of guile
 l - a scarf of shadows (worn)
 B - a +1 leather armour of willpower
 L - a +0 kite shield
 P - a +1 leather armour of fire resistance
 Q - a +0 troll leather armour (worn)
Jewellery
 g - a ring of fire
 q - an amulet of magic regeneration
 z - the amulet of Leymissa (around neck) {Faith rElec rC+ rCorr}
   (You found it on level 4 of the Dungeon)

   [amulet of faith]

   It allows you to gain divine favour quickly.
   rC:        It protects you from cold.
   rElec:     It insulates you from electricity.
   rCorr:     It protects you from acid and corrosion.
 A - an amulet of reflection
 D - a ring of magical power (left hand)
 E - an amulet of guardian spirit
Wands
 n - a wand of polymorph (21)
 y - a wand of quicksilver (4)
 O - a wand of roots (12)
Scrolls
 f - 3 scrolls of teleportation
 G - 2 scrolls of fog
 H - a scroll of enchant weapon
 I - a scroll of blinking
Potions
 h - 4 potions of lignification
 p - 3 potions of attraction
 s - 2 potions of flight
 t - 2 potions of ambrosia
 u - 2 potions of degeneration
 v - 2 potions of berserk rage
 w - 2 potions of haste
 x - a potion of invisibility
 C - 2 potions of might {unknown}
 K - 2 potions of mutation {unknown}


   Skills:
 - Level 5.0(10.0) Fighting
 - Level 5.0(10.0) Short Blades
 - Level 8.0(13.0) Maces & Flails
 - Level 5.0(10.0) Throwing
 + Level 4.7(9.7) Armour
 - Level 2.6(7.6) Dodging
 - Level 4.2(9.2) Stealth
 - Level 6.0(11.0) Shields
 - Level 9.0 Invocations


You had 9 spell levels left.
You didn't know any spells.
Your spell library contained the following spells:

 Spells                   Type           Power      Damage    Failure   Level
 Sting                    Tmut/Pois      0%         1d3       67%         1
 Poisonous Vapours        Pois/Air       0%         N/A       80%         2
 Inner Flame              Hex/Fire       0%         N/A       95%         3
 Ozocubu's Armour         Ice            0%         N/A       95%         3
 Vhi's Electric Charge    Tloc/Air       0%         N/A       95%         3
 Cause Fear               Hex            0%         N/A       100%        4
 Olgreb's Toxic Radiance  Pois           0%         N/A       100%        4
 Arcjolt                  Conj/Air       0%         1d10      100%        5
 Metabolic Englaciation   Hex/Ice        0%         N/A       100%        5
 Borgnjor's Revivificati  Necr           0%         N/A       100%        8
 Discord                  Hex            0%         N/A       100%        8
 Maxwell's Capacitive Co  Air            0%         ∞         100%        8
 Necromutation            Tmut/Necr      0%         N/A       100%        8
 Death's Door             Necr           0%         N/A       100%        9
 Simulacrum               Ice/Necr       Unusable   N/A       N/A         6

Dungeon Overview and Level Annotations

Branches:
Dungeon (10/15)            Temple (1/1) D:5            Lair (0/5) D:9
    Orc: D:9-12

Altars:
Ashenzari
Cheibriados
Dithmenos
Fedhas
Gozag
Hepliaklqana
Kikubaaqudgha
Makhleb
Nemelex Xobeh
Okawaru
Qazlal
Ru
Sif Muna
Trog
Uskayaw
Vehumet
Wu Jian
Xom
Yredelemnul

Shops:
D:2 :


Innate Abilities, Weirdness & Mutations

You are mostly covered in large bone plates. (SH +6)
You are partially covered in sharp spines.


Message History

The vampire is severely damaged.
The vampire hits you. The vampire bites you!
* * * LOW HITPOINT WARNING * * *
The vampire draws strength from your injuries!
Unknown command.
You feel better. You block the vampire's attack. The vampire barely misses you.
Unknown command.
You completely miss the vampire.
The vampire is heavily damaged.
The vampire mumbles some strange words.
The vampire flickers and vanishes!
Deactivating autopickup; reactivate with Ctrl-A.
Something hits you! Something bites you.
Something draws strength from your injuries!
You hit something. Something draws life force from you!
* * * LOW HITPOINT WARNING * * *
Unknown command.
You miss something. Something hits you.
* * * LOW HITPOINT WARNING * * *
Something bites you but does no damage.
Unknown command.
You closely miss something. Something hits you.
* * * LOW HITPOINT WARNING * * *
You block something's attack.
Unknown command.
You gain the combat prowess of a mighty hero.
Something hits you!
* * * LOW HITPOINT WARNING * * *
Something bites you.
* * * LOW HITPOINT WARNING * * *
Something draws strength from your injuries!
Unknown command.
You feel better. Something hits you but does no damage. Something bites you!
* * * LOW HITPOINT WARNING * * *
Something draws strength from your injuries!
Unknown command.
You hit something but do no damage. You block something's attack. x2
Unknown command.
You miss something. Something hits you.
You die...

##.# #. #.#
#.. #.# #..
##.# #..#
#..#
#...#####..#
#....##....#
#..{....>##
#.$.@....#
#.......##
#....$..#
#.........
#...#.......
#..#####.....
..# ##.....


There were no monsters in sight!

Vanquished Creatures
  A two-headed ogre (D:9)
  A slime creature (D:9)
  A rime drake (D:9)
  A troll (D:9)
  A hornet (D:9)
  A polar bear (D:9)
  A wyvern (D:9)
  An unseen horror simulacrum (D:9)
  Eustachio (D:5)
  2 steam dragons (D:9)
  Menkaure (D:7)
  An acid dragon (D:8)
  A water moccasin (D:5)
  5 ice beasts
  A black bear (D:5)
  An orc warrior (D:8)
  6 centaurs
  3 ogres
  A wolf (D:9)
  A phantom (D:5)
  3 kobold brigands
  4 bullfrogs
  5 scorpions
  3 gnoll sergeants
  A hornet simulacrum (D:9)
  9 wights
  13 killer bees
  7 howler monkeys
  10 hounds
  4 orc priests
  An iguana (D:6)
  A sleepcap (D:5)
  7 orc wizards
  16 gnolls
  6 adders
  A white imp (D:5)
  4 ufetubi
  3 dart slugs (D:1)
  34 orcs
  2 ball pythons
  4 bats
  7 endoplasms
  4 giant cockroaches
  4 goblins
  15 hobgoblins
  7 jackals
  6 kobolds
  3 quokkas
  6 frilled lizards
  4 rats
226 creatures vanquished.

Vanquished Creatures (others)
  10 plants (D:8)
10 creatures vanquished.

Grand Total: 236 creatures vanquished

Notes
Turn   | Place    | Note
-------+----------+-------------------------------------------
     0 | D:1      | Newt the Demonspawn Gladiator began the quest for the Orb.
     0 | D:1      | Reached XP level 1. HP: 16/16 MP: 1/1
    93 | D:1      | Gained mutation: You are partially covered in large bone
                  | plates. (SH +4) [demonic ancestry]
    93 | D:1      | Reached XP level 2. HP: 23/23 MP: 2/2
   426 | D:1      | Gained mutation: You are mostly covered in large bone
                  | plates. (SH +6) [demonic ancestry]
   426 | D:1      | Reached XP level 3. HP: 29/29 MP: 3/3
   628 | D:2      | Found Sag Lumu's Vocational Training.
   675 | D:2      | Found a blossoming altar of Fedhas.
  1125 | D:2      | Reached XP level 4. HP: 20/38 MP: 4/4
  1737 | D:3      | Found a blossoming altar of Fedhas.
  2602 | D:4      | Noticed a scorpion
  2615 | D:4      | Killed a scorpion
  2616 | D:4      | Reached skill level 5 in Fighting
  2616 | D:4      | Reached XP level 5. HP: 14/44 MP: 5/5
  3114 | D:4      | Found a radiant altar of Vehumet.
  3129 | D:4      | Gained mutation: You are partially covered in sharp spines.
                  | [demonic ancestry]
  3129 | D:4      | Reached XP level 6. HP: 17/51 MP: 6/6
  3492 | D:4      | Identified the amulet of Leymissa {Faith rElec rC+ rCorr}
  3572 | D:4      | Reached skill level 5 in Throwing
  3921 | D:5      | Entered Level 5 of the Dungeon
  4141 | D:5      | Reached XP level 7. HP: 52/56 MP: 7/7
  4160 | D:5      | Found a staircase to the Ecumenical Temple.
  4173 | Temple   | Entered the Ecumenical Temple
  4630 | Temple   | Became a worshipper of Warmaster Okawaru
  5110 | D:5      | Reached skill level 5 in Short Blades
  5148 | D:5      | Reached skill level 1 in Armour
  5166 | D:5      | Reached * piety under Okawaru
  6047 | D:5      | Noticed Eustachio
  6066 | D:5      | Killed Eustachio
  6067 | D:5      | Reached XP level 8. HP: 27/62 MP: 8/8
  6548 | D:6      | Reached skill level 1 in Stealth
  6638 | D:6      | Reached ** piety under Okawaru
  6862 | D:6      | Identified the +5 flail of Sirew {vamp, Str+3}
  7170 | D:6      | Reached skill level 1 in Maces & Flails
  7707 | D:7      | Noticed Menkaure
  7714 | D:7      | Killed Menkaure
  7975 | D:7      | Reached XP level 9. HP: 57/68 MP: 9/9
  8098 | D:7      | Reached *** piety under Okawaru
  8099 | D:7      | Reached skill level 5 in Maces & Flails
  8945 | D:8      | Received a gift from Okawaru
  9166 | D:8      | Reached **** piety under Okawaru
  9308 | D:8      | Reached skill level 1 in Shields
 10103 | D:9      | Reached XP level 10. HP: 49/74 MP: 10/10
 10401 | D:9      | HP: 3/74 [polar bear (13)]
 10401 | D:9      | HP: 1/74 [polar bear (2)]
 10748 | D:9      | Reached skill level 5 in Shields
 10810 | D:9      | Reached ***** piety under Okawaru
 10874 | D:9      | Found a staircase to the Lair.
 10904 | D:9      | Reached skill level 1 in Invocations
 10963 | D:9      | Reached skill level 2 in Invocations
 11007 | D:9      | Reached skill level 4 in Invocations
 11016 | D:9      | Received a gift from Okawaru
 11017 | D:9      | Reached skill level 5 in Invocations
 11055 | D:9      | Noticed a two-headed ogre
 11059 | D:9      | Reached skill level 6 in Invocations
 11070 | D:9      | Killed a two-headed ogre
 11070 | D:9      | Identified the +0 helmet of Plasticity {rF+ rCorr Str+2}
                  | (Okawaru gifted it to you on level 9 of the Dungeon)
 11070 | D:9      | Received a gift from Okawaru
 11071 | D:9      | Reached skill level 7 in Invocations
 11112 | D:9      | Reached skill level 8 in Invocations
 11328 | D:9      | Reached skill level 9 in Invocations
 12365 | D:10     | Entered Level 10 of the Dungeon
 12601 | D:10     | HP: 2/74 [something (10)]
 12603 | D:10     | Slain by a vampire

Illustrated notes

Levels and vault maps discovered:
D:1:      ebering_hopf_link, layout_rooms
D:2:      layout_basic, basic_altar, moated_statue, nicolae_shop_vocational
D:3:      layout_basic, fedhas_altar_2
D:4:      layout_loops_corners, mainiacjoe_overflow_24_doors,
          roderic_roman_lattice, hangedman_decor_peaks_small
D:5:      layout_basic, temple_pool_b, minmay_misc_feat_pillars, uniq_eustachio
D:6:      layout_cave_pools
D:7:      layout_cave_pools, uniq_menkaure
D:8:      kennysheep_housing_project, layout_cave_pools, nicolae_two_hexagons
D:9:      layout_basic, hellmonk_lair_entry_icy, serial_aquarium,
          aquarium_bridge_straight [aquarium_subvault_bridge,
          aquarium_subvault_wall, aquarium_subvault_bridge,
          aquarium_subvault_wall], aquarium_bridge_straight
          [aquarium_subvault_bridge, aquarium_subvault_balcony,
          aquarium_subvault_bridge, aquarium_subvault_wall],
          aquarium_window_fake, aquarium_window_fake, aquarium_view_2d,
          aquarium_pool_side, minmay_pinched_square
D:10:     layout_layer_cave
Temple:   mainiacjoe_temple_big_plus

Skill      XL: |  1  2  3  4  5  6  7  8  9 10 |
---------------+-------------------------------+-----
Fighting       | 3 4 5 |  5.0
Throwing       | 2 4 5 |  5.0
Short Blades   | 3 5 |  5.0
Armour         | 4 |  4.7
Stealth        | 4 |  4.2
Maces & Flails | 4 8 |  8.0
Shields        | 3 6 |  6.0
Invocations    | 9 |  9.0
Dodging        | |  2.6

Action                     |  1- 3 |  4- 6 |  7- 9 | 10-12 || total
---------------------------+-------+-------+-------+-------++-------
  Melee: Rapier            |   156 |    18 |       |       ||   174
         Punch             |     3 |     1 |     2 |       ||     6
         Dagger            |       |    99 |   171 |       ||   270
         Flail             |       |       |   205 |   165 ||   370
  Throw: Javelin           |     1 |       |     4 |     1 ||     6
         Dart              |       |     6 |     6 |     5 ||    17
         Throwing net      |       |     4 |     4 |     1 ||     9
         Boomerang         |       |     8 |    46 |       ||    54
 Invoke: Heroism           |       |       |       |     3 ||     3
    Use: Scroll            |     2 |     6 |     9 |     1 ||    18
         Potion            |       |     2 |     3 |     4 ||     9
   Stab: Sleeping          |     1 |     1 |     2 |       ||     4
         Held in net/web   |       |     2 |     3 |     2 ||     7
         Invisible         |       |       |     2 |       ||     2
         Distracted        |       |       |     1 |       ||     1
 Armour: Leather armour    |    30 |    14 |    59 |    23 ||   126
         Troll leather arm |       |       |       |     8 ||     8
  Dodge: Dodged            |    78 |    38 |   171 |    78 ||   365
  Block: Other             |    37 |    25 |    73 |       ||   135
         Kite shield       |       |       |    92 |   196 ||   288

Table legend: (Time is in decaauts)
 A = Elapsed time spent in this place.
 B = Non-inter-level travel time spent in this place.
 C = Inter-level travel time spent in this place.
 D = Time resting spent in this place.
 E = Time spent auto-exploring this place.
 F = Levels seen in this place.
 G = Mean time per level.
                   A        B        C        D        E       F      G
               +--------+--------+--------+--------+--------+-----+--------+
         Total |  12615 |  12175 |    440 |   3689 |   6633 |  11 | 1146.8 |
       Dungeon |  12128 |  11747 |    381 |   3689 |   6218 |  10 | 1212.8 |
        Temple |    487 |    429 |     58 |      0 |    415 |   1 |  487.0 |
               +--------+--------+--------+--------+--------+-----+--------+

Top non-repeatable levels by time:
     D:9: 2186 daAuts
     D:5: 2109 daAuts
     D:8: 1814 daAuts
     D:4: 1486 daAuts
     D:7: 1210 daAuts
     D:3: 963 daAuts
     D:2: 858 daAuts
     D:6: 821 daAuts
     D:1: 612 daAuts
  Temple: 487 daAuts
    D:10: 64 daAuts
